Map: [ESL] Oceanborn

Players

Elazer

  • Race: Zerg Zerg
  • Spawn Location: 11:00

Serral - Winner!

  • Race: Zerg Zerg
  • Spawn Location: 5:00

Event: ESL SC2 Masters 2023 Winter (Regional)

VOD

Have the link to the VOD?

Description

Time

  • Played on: Nov. 12, 2023, 9:52 a.m.
  • Length: 17:16

All games in this series

Show
View Real Time Build Order
Export as new Build Order

Elazer Zerg 

Build Orders: Hatch First, Lurkers 

Get SALT Encoding   

  12  0:00  Drone  
  13  0:12  Overlord  
  13  0:17  Drone  
  14  0:30  Drone x2  
  16  0:48  Hatchery  
  15  0:51  Drone  
  15  0:55  Drone  
  17  0:58  Drone  
  18  1:09  Extractor  
  17  1:13  Spawning Pool  
  17  1:16  Drone  
  17  1:20  Drone  
  18  1:28  Drone  
  19  1:38  Drone  
  20  1:49  Drone  
  21  2:00  Queen x2  
  21  2:01  Zergling x2  
  26  2:02  Overlord  
  26  2:08  Metabolic Boost  
  26  2:12  Drone x2  
  28  2:22  Drone x2  
  30  2:33  Hatchery  
  30  2:36  Zergling x2  
  30  2:38  Drone  
  30  2:42  Drone  
  30  2:43  Drone  
  33  2:50  Baneling Nest  
  32  2:53  Overlord  
  32  2:54  Drone  
  33  3:07  Drone, Overlord  
  33  3:08  Drone x2  
  33  3:12  Queen  
  36  3:15  Zergling x2  
  36  3:16  Zergling x2  
  40  3:20  Zergling x2  
  40  3:21  Drone  
  40  3:23  Drone  
  40  3:24  Drone  
  44  3:32  Zergling x4  
  46  3:37  Baneling  
  46  3:38  Zergling x2  
  46  3:39  Zergling x2  
  46  3:40  Zergling x6  
  48  3:49  Zergling x8  
  48  3:51  Queen  
  54  4:08  Drone x6  
  54  4:14  Drone x4  
  57  4:22  Extractor  
  56  4:27  Drone x2, Roach Warren  
  57  4:35  Overlord  
  57  4:36  Lair  
  57  4:40  Extractor  
  57  4:42  Drone  
  57  4:44  Evolution Chamber  
  56  4:49  Overlord  
  56  4:52  Overlord  
  55  4:54  Overlord x2  
  54  5:09  Roach x8  
  54  5:11  Roach  
  54  5:12  Roach x3  
  73  5:14  Roach  
  73  5:19  Queen  
  73  5:20  Roach  
  76  5:24  Roach  
  76  5:26  Roach  
  78  5:35  Zergling x2, Roach  
  78  5:36  Zergling x4, Roach  
  83  5:45  Drone x3  
  83  5:48  Drone x2  
  88  5:51  Drone x2  
  88  5:56  Glial Reconstitution  
  90  5:58  Drone x2  
  89  6:05  Drone x5  
  89  6:09  Drone x3  
  97  6:11  Zerg Ground Armor Level 1  
  97  6:16  Overlord  
  97  6:17  Ravager  
  98  6:24  Overlord  
  98  6:26  Baneling Nest, Spine Crawler  
  98  6:27  Spine Crawler  
  98  6:28  Spine Crawler, Ravager  
  98  6:31  Roach  
  98  6:33  Extractor x2  
  98  6:35  Roach x2  
  98  6:37  Drone x3  
  106  6:43  Overlord  
  106  6:44  Drone x3  
  106  6:46  Extractor  
  108  6:48  Drone x3  
  108  6:49  Hatchery  
  108  6:53  Drone x3  
  113  7:00  Overlord  
  113  7:01  Overlord  
  113  7:04  Pneumatized Carapace  
  113  7:06  Hatchery  
  113  7:08  Roach x4  
  120  7:15  Roach  
  121  7:17  Overlord  
  121  7:18  Overlord  
  121  7:21  Roach x4  
  129  7:22  Ravager x2  
  129  7:25  Roach  
  129  7:26  Roach  
  135  7:34  Roach  
  137  7:38  Baneling x2  
  137  7:39  Overlord x2  
  137  7:41  Roach x5  
  147  7:48  Roach x3  
  153  7:52  Overlord  
  153  7:53  Overlord x2  
  153  7:55  Ravager  
  152  8:06  Roach x5  
  160  8:17  Roach x4  
  162  8:20  Ravager x3  
  162  8:21  Roach  
  162  8:26  Queen  
  166  8:36  Roach x7  
  180  8:42  Queen  
  180  8:44  Zerg Missile Weapons Level 1  
  180  8:48  Overlord  
  182  8:51  Roach x4  
  190  9:00  Ravager  
  190  9:01  Overseer  
  191  9:08  Roach x4  
  197  9:18  Roach  
  199  9:30  Drone  
  200  9:33  Infestation Pit, Extractor  
  198  9:39  Tunneling Claws  
  198  9:40  Burrow  
  198  9:44  Drone x2, Hydralisk Den  
  198  9:45  Drone  
  200  9:57  Drone  
  200  9:58  Drone x2  
  200  9:59  Roach  
  199  10:01  Ravager  
  198  10:11  Hive  
  196  10:15  Overseer  
  196  10:22  Overlord  
  196  10:23  Overlord x2  
  196  10:29  Overseer  
  192  10:51  Roach x5  
  192  10:56  Zerg Missile Weapons Level 2, Grooved Spines  
  197  11:07  Drone x9  
  183  11:25  Drone x5  
  185  11:29  Overlord  
  185  11:31  Hydralisk x8  
  200  11:45  Lurker Den  
  192  11:48  Roach x9  
  192  12:14  Extractor  
  191  12:18  Overseer  
  191  12:19  Queen  
  185  12:30  Hatchery  
  185  12:31  Drone x6  
  178  12:41  Roach x11  
  183  12:59  Roach  
  183  13:00  Roach x7  
  183  13:04  Roach x4  
  194  13:16  Roach x8  
  194  13:23  Roach x7  
  178  13:36  Roach x18  
  178  13:37  Roach x6  
  178  13:39  Zerg Missile Weapons Level 3  
  190  13:44  Seismic Spines, Overlord x2  
  190  13:45  Roach x8  
  188  14:01  Drone x10  
  187  14:19  Drone x4  
  187  14:20  Drone  
  187  14:22  Hydralisk x5  
  175  14:31  Hydralisk x10  
  175  14:36  Overseer  
  195  14:41  Adaptive Talons  
  195  14:43  Lurker x3  
  198  14:45  Lurker  
  198  14:46  Lurker  
  174  15:24  Hydralisk  
  174  15:25  Hydralisk x13  
  184  15:29  Muscular Augments  
  184  15:35  Drone x4  
  179  15:36  Drone x2  
  179  15:40  Drone  
  179  15:41  Drone x4  
  186  15:43  Lurker x10  
  196  16:03  Hydralisk x7  
  189  16:32  Hydralisk x12  
  185  16:41  Extractor  
  185  16:42  Extractor  
  182  16:49  Overseer  
  182  16:51  Drone  
  181  16:54  Hatchery  
  181  16:58  Drone x3, Overlord x2  
Show
View Real Time Build Order
Export as new Build Order

Serral Zerg - Winner!

Build Orders: Hatch First, Lurkers 

Get SALT Encoding   

  12  0:00  Drone  
  13  0:13  Overlord  
  13  0:16  Drone  
  14  0:31  Drone x2  
  16  0:47  Hatchery  
  15  0:50  Drone  
  15  0:54  Drone  
  15  0:56  Drone  
  18  1:08  Extractor  
  17  1:12  Spawning Pool  
  17  1:16  Drone  
  17  1:18  Drone  
  18  1:28  Drone  
  19  1:39  Drone  
  20  1:50  Drone  
  21  1:59  Queen x2  
  21  2:00  Zergling x2, Overlord  
  26  2:08  Metabolic Boost  
  26  2:10  Drone  
  26  2:11  Drone  
  28  2:21  Zergling x2  
  29  2:23  Drone  
  30  2:34  Hatchery  
  30  2:35  Drone  
  30  2:38  Drone  
  30  2:42  Drone  
  32  2:46  Baneling Nest  
  32  2:50  Overlord  
  31  2:53  Drone  
  31  2:56  Drone  
  33  3:04  Drone  
  33  3:05  Drone  
  35  3:08  Zergling x2  
  35  3:09  Zergling x2  
  35  3:10  Zergling x4  
  35  3:12  Zergling x4  
  41  3:18  Overlord  
  41  3:20  Drone  
  41  3:26  Queen  
  44  3:30  Baneling x2  
  44  3:37  Zergling x2, Drone  
  44  3:39  Drone x4  
  50  3:44  Drone x2  
  50  3:47  Drone  
  50  3:48  Drone  
  53  3:52  Roach Warren  
  52  3:56  Zergling x2  
  52  3:59  Overlord  
  53  4:06  Overlord  
  53  4:10  Zergling x4  
  53  4:11  Extractor  
  53  4:12  Baneling x2  
  53  4:16  Overlord  
  53  4:18  Zergling x2  
  53  4:20  Drone x3  
  53  4:21  Drone  
  58  4:29  Overlord  
  58  4:34  Roach x4  
  66  4:41  Baneling x2  
  66  4:42  Roach x2  
  70  4:46  Drone x6  
  70  4:50  Overlord  
  70  4:51  Zergling x2  
  77  4:56  Drone x3  
  77  4:57  Extractor  
  79  5:09  Drone x2  
  79  5:11  Drone  
  79  5:12  Lair  
  78  5:14  Evolution Chamber  
  78  5:15  Zergling x4  
  78  5:17  Roach x3  
  78  5:20  Overlord  
  84  5:25  Overlord  
  84  5:26  Drone x2  
  86  5:29  Drone x2  
  86  5:32  Roach x2  
  90  5:42  Zerg Missile Weapons Level 1  
  89  5:43  Drone x3  
  89  5:46  Overlord  
  89  5:47  Extractor  
  89  5:49  Roach x2  
  95  5:54  Roach  
  95  5:55  Roach x3  
  102  6:00  Drone x5  
  102  6:02  Extractor  
  102  6:03  Drone  
  106  6:06  Pneumatized Carapace  
  106  6:08  Drone x2, Extractor  
  107  6:12  Drone  
  107  6:16  Drone x2  
  110  6:18  Drone  
  110  6:19  Drone x2, Glial Reconstitution  
  110  6:22  Overseer  
  110  6:25  Overlord  
  113  6:28  Overlord  
  113  6:29  Roach  
  113  6:32  Roach x2  
  119  6:34  Overlord  
  119  6:35  Overlord  
  119  6:38  Overlord  
  119  6:39  Hatchery  
  118  6:45  Overlord  
  118  6:46  Roach  
  118  6:47  Roach x3  
  126  6:51  Overlord  
  126  6:57  Roach x2  
  126  6:58  Roach x2  
  134  7:05  Hydralisk Den  
  134  7:06  Roach x5  
  143  7:20  Drone x2, Overlord  
  143  7:21  Drone x2  
  147  7:24  Overlord x2  
  159  7:30  Roach x6  
  159  7:31  Evolution Chamber  
  159  7:35  Drone  
  159  7:37  Roach x4  
  166  7:39  Overseer  
  166  7:40  Zerg Missile Weapons Level 2  
  166  7:41  Ravager x3  
  171  7:48  Roach x3  
  171  7:50  Queen  
  179  7:57  Roach x5  
  189  8:07  Zerg Ground Armor Level 1  
  189  8:08  Extractor  
  189  8:12  Roach x7  
  199  8:18  Roach  
  191  8:22  Burrow  
  191  8:26  Overlord  
  187  8:28  Roach x3  
  189  8:36  Overlord  
  189  8:37  Overlord x2  
  189  8:42  Overlord  
  189  8:43  Ravager  
  189  8:44  Ravager x2  
  189  8:45  Overlord  
  192  8:50  Hydralisk Den  
  199  8:55  Roach x4  
  199  8:57  Tunneling Claws  
  199  9:04  Overseer  
  198  9:33  Ravager  
  198  9:35  Spore Crawler  
  196  9:39  Queen  
  196  9:42  Spore Crawler, Spine Crawler  
  196  9:44  Grooved Spines  
  196  10:02  Zerg Ground Armor Level 2  
  195  10:10  Roach x2  
  199  10:34  Muscular Augments  
  199  10:35  Infestation Pit  
  199  10:40  Roach x5  
  188  10:51  Roach x7  
  188  10:55  Roach x2  
  200  11:03  Roach x2  
  200  11:05  Overseer x2  
  200  11:06  Roach x23  
  200  11:09  Overseer  
  198  11:12  Roach  
  198  11:14  Hatchery  
  191  11:25  Overseer  
  185  11:31  Roach x7  
  199  11:36  Ravager  
  199  11:39  Hive  
  200  11:43  Lurker Den  
  195  11:51  Spine Crawler  
  195  11:54  Hydralisk x3  
  194  11:55  Roach x3  
  194  11:58  Extractor  
  199  12:05  Overseer  
  199  12:07  Roach  
  199  12:08  Roach x2  
  197  12:34  Roach  
  197  12:35  Roach  
  189  12:50  Hydralisk x5  
  185  12:53  Seismic Spines, Hydralisk x2, Roach x4, Lurker Den  
  185  12:54  Hydralisk, Roach x5  
  185  12:55  Roach x3  
  184  13:06  Zerg Missile Weapons Level 3, Zerg Ground Armor Level 3, Hydralisk x9  
  188  13:18  Hydralisk x15  
  197  13:26  Roach x10  
  195  13:34  Lurker x5  
  192  13:37  Roach x2  
  192  13:38  Roach x2  
  194  13:42  Lurker x4  
  194  13:43  Extractor  
  194  13:44  Extractor  
  196  13:50  Adaptive Talons  
  196  13:51  Roach  
  196  13:56  Drone x3  
  199  14:02  Overlord  
  199  14:03  Overseer, Overlord  
  199  14:05  Overlord  
  199  14:06  Overlord  
  199  14:12  Overlord  
  199  14:13  Overseer  
  183  14:21  Overlord x3  
  179  14:26  Viper x4  
  179  14:29  Drone  
  179  14:30  Drone x5  
  188  14:33  Spine Crawler  
  188  14:34  Spine Crawler x2  
  188  14:36  Spore Crawler  
  182  14:40  Drone x5  
  187  15:00  Overseer x2  
  187  15:01  Overlord  
  187  15:02  Spine Crawler  
  187  15:04  Spore Crawler, Spine Crawler  
  176  15:08  Roach x2  
  176  15:10  Hydralisk x5  
  176  15:11  Hydralisk x8  
  200  15:24  Hydralisk x3  
  200  15:36  Overseer x3  
  200  15:38  Overlord  
  200  15:46  Spine Crawler  
  200  15:47  Spore Crawler x2  
  195  15:52  Drone x7  
  200  15:59  Overseer  
  198  16:07  Viper  
  199  16:24  Roach  
  183  16:34  Viper x3  
  183  16:35  Overseer x3  
  183  16:39  Lurker x8  
  200  16:48  Overseer  
  200  16:50  Overseer  
  200  16:58  Hatchery  
Tags
 
Add a new tag
Caveats
  • Supply blocks, unpowered buildings, or Contaminate may cause inaccurate times.
  • Supply counts are checked every 10 seconds.